Map: Nightscape LE

Players

Zagrell - Winner!

  • Race: Terran Terran
  • Spawn Location: 1:00

mumming - Winner!

  • Race: Protoss Protoss
  • League: Diamond
  • Spawn Location: 1:00

qqq

  • Race: Zerg Zerg
  • League: Platinum
  • Spawn Location: 7:00

Massa

  • Race: Terran Terran
  • League: Platinum
  • Spawn Location: 7:00

VOD

Have the link to the VOD?

Description

Time

  • Played on: Nov. 24, 2020, 2:50 p.m.
  • Length: 10:55
Show
View Real Time Build Order
Export as new Build Order

Zagrell Terran - Winner!

Build Orders: 2 Factory, Mech 

Get SALT Encoding   

  12  0:00  SCV  
  13  0:12  SCV  
  14  0:17  Supply Depot  
  14  0:24  SCV  
  15  0:28  Refinery  
  15  0:38  SCV  
  16  0:45  Barracks  
  16  0:51  SCV  
  17  1:07  SCV  
  17  1:33  SCV  
  18  1:41  Marine  
  18  1:46  Orbital Command  
  19  1:52  Factory  
  19  1:59  Marine  
  20  2:02  Supply Depot  
  20  2:10  Bunker  
  20  2:15  SCV  
  21  2:24  Factory  
  21  2:42  SCV, Factory Reactor  
  22  2:45  Marine  
  22  2:51  Supply Depot  
  23  2:55  SCV  
  23  3:16  Factory Tech Lab  
  23  3:21  Hellion x2  
  27  3:28  SCV  
  27  3:30  Command Center  
  28  3:37  Hellion  
  28  3:40  Infernal Pre-Igniter  
  30  3:42  Hellion x2  
  30  3:46  Supply Depot  
  30  3:48  SCV  
  35  3:55  Engineering Bay  
  35  4:00  SCV, Hellion  
  38  4:08  Widow Mine  
  38  4:09  Widow Mine  
  42  4:14  Refinery  
  42  4:18  Supply Depot  
  42  4:20  SCV  
  43  5:01  Hellion, Siege Tank  
  43  5:02  Hellion  
  48  5:25  Hellion x2  
  48  5:26  Orbital Command  
  44  5:29  Command Center  
  44  5:32  SCV  
  44  5:34  Siege Tank  
  48  5:44  SCV  
  48  5:47  Hellion  
  48  5:48  Orbital Command  
  51  5:51  Armory  
  51  5:56  SCV  
  52  6:08  SCV  
  52  6:10  Siege Tank  
  52  6:11  Hellion x2  
  60  6:16  Missile Turret  
  60  6:22  SCV  
  53  6:32  Widow Mine  
  55  6:34  SCV  
  55  6:39  Armory  
  56  6:46  Refinery, SCV  
  57  7:02  Refinery  
  57  7:03  Terran Vehicle Weapons Level 1  
  57  7:07  Hellion x2  
  57  7:08  Hellion  
  63  7:11  SCV x2  
  65  7:23  SCV x2  
  67  7:31  Widow Mine x2, Siege Tank  
  74  7:52  Factory  
  74  7:53  Hellion  
  74  7:54  Hellion  
  78  8:03  Siege Tank  
  81  8:15  Hellion  
  83  8:35  Hellion  
  83  8:39  Terran Vehicle And Ship Armor Level 1  
  83  8:41  Hellion x2  
  87  8:42  Orbital Command  
  87  8:46  Missile Turret  
  77  8:56  Factory Tech Lab, Factory  
  77  8:57  Hellion  
  75  9:31  SCV x3  
  78  9:42  Widow Mine x2, Siege Tank  
  78  9:43  SCV x3  
  78  9:44  Factory Reactor  
  88  9:47  Factory  
  88  9:55  SCV  
  89  10:02  Missile Turret  
  89  10:09  Widow Mine x2  
  89  10:10  Siege Tank  
Show
View Real Time Build Order
Export as new Build Order

mumming Protoss - Winner!

Build Orders:  

Get SALT Encoding   

  12  0:00  Probe  
  13  0:12  Probe  
  14  0:17  Pylon  
  14  0:24  Probe (Chrono Boost)  
  15  0:37  Probe (Chrono Boost)  
  15  0:38  Gateway  
  16  0:45  Probe (Chrono Boost)  
  16  0:46  Assimilator  
  17  0:51  Probe  
  18  1:03  Probe  
  19  1:15  Probe  
  20  1:25  Zealot (Chrono Boost)  
  20  1:27  Probe  
  20  1:28  Cybernetics Core  
  23  1:35  Assimilator  
  23  1:46  Pylon  
  23  2:04  Probe, Zealot  
  26  2:16  Probe  
  26  2:21  Warp Gate  
  27  2:28  Probe  
  28  2:31  Stargate  
  28  2:40  Probe  
  28  2:43  Adept (Chrono Boost)  
  30  2:52  Probe  
  31  3:27  Pylon  
  31  3:39  Void Ray (Chrono Boost)  
  31  3:41  Nexus  
  31  3:45  Probe  
  32  3:58  Probe  
  31  4:03  Pylon  
  31  4:07  Stargate  
  31  4:10  Probe  
  31  4:15  Assimilator  
  32  4:20  Void Ray (Chrono Boost), Assimilator  
  32  4:21  Protoss Air Weapons Level 1  
  32  4:22  Probe  
  37  4:33  Zealot  
  37  4:34  Probe  
  39  4:46  Probe  
  38  4:56  Void Ray  
  38  4:59  Zealot  
  40  5:06  Probe x2  
  46  5:13  Assimilator  
  46  5:16  Pylon  
  46  5:18  Probe x2  
  46  5:20  Forge  
  46  5:21  Forge  
  48  5:24  Gateway  
  48  5:26  Void Ray  
  48  5:30  Probe x2  
  55  5:43  Probe (Chrono Boost)  
  55  5:44  Void Ray  
  55  5:47  Probe (Chrono Boost)  
  56  5:53  Probe (Chrono Boost)  
  56  5:54  Protoss Ground Weapons Level 1  
  56  5:56  Probe (Chrono Boost)  
  62  5:59  Protoss Ground Armor Level 1  
  62  6:06  Probe x2  
  64  6:11  Void Ray  
  68  6:21  Probe x2  
  70  7:00  Pylon  
  70  7:01  Nexus  
  70  7:05  Pylon  
  70  7:12  Void Ray (Chrono Boost)  
  70  7:13  Void Ray (Chrono Boost)  
  78  7:23  Probe x2  
  78  7:27  Twilight Council  
  80  7:30  Fleet Beacon  
  80  7:35  Probe x2  
  82  7:42  Pylon  
  82  7:43  Pylon  
  82  7:47  Probe x2  
  84  7:56  Void Ray x2 (Chrono Boost)  
  84  7:59  Probe x2  
  84  8:03  Charge  
  94  8:09  Photon Cannon  
  94  8:11  Photon Cannon  
  94  8:16  Photon Cannon  
  94  8:17  Probe  
  94  8:18  Probe, Gateway x2  
  92  8:37  Probe x3  
  92  8:38  Void Ray x2  
  99  8:49  Probe x2  
  99  8:50  Probe  
  99  8:53  Flux Vanes  
  102  8:57  Zealot x2  
  102  9:01  Probe  
  102  9:02  Probe x2  
  109  9:05  Shield Battery  
  107  9:20  Probe  
  99  9:28  Probe x2  
  98  9:32  Probe  
  98  9:37  Pylon  
  99  9:40  Probe  
  99  9:41  Probe  
  99  9:44  Pylon  
  101  9:55  Probe  
  101  9:56  Probe  
  101  9:59  Assimilator  
  109  10:02  Probe  
  109  10:03  Assimilator  
  109  10:06  Pylon  
  116  10:07  Probe  
  116  10:08  Pylon  
  117  10:22  Probe x2  
  113  10:31  Gateway  
  113  10:32  Gateway  
  113  10:33  Gateway  
  113  10:35  Photon Cannon  
Show
View Real Time Build Order
Export as new Build Order

qqq Zerg 

Build Orders: Hatch First 

Get SALT Encoding   

  12  0:02  Drone  
  13  0:08  Drone  
  14  0:22  Overlord  
  14  0:47  Hatchery  
  13  0:50  Drone  
  13  0:55  Drone  
  15  0:58  Drone  
  16  1:31  Drone x3  
  19  1:38  Spawning Pool  
  18  1:52  Extractor  
  17  1:55  Drone  
  17  1:59  Drone  
  19  2:08  Drone  
  19  2:11  Drone  
  19  2:14  Hatchery, Drone  
  20  2:16  Drone  
  21  2:23  Drone  
  21  2:28  Drone  
  23  2:37  Queen  
  23  2:39  Zergling x2  
  23  2:43  Drone  
  27  2:48  Drone  
  27  2:50  Overlord  
  28  3:01  Metabolic Boost  
  28  3:04  Overlord  
  28  3:08  Queen  
  28  3:10  Zergling x2  
  31  3:13  Zergling x2  
  31  3:16  Zergling x2  
  31  3:18  Zergling x2  
  34  3:20  Zergling x2  
  35  3:27  Zergling x2  
  35  3:28  Zergling x2  
  34  3:49  Zergling x6  
  34  3:50  Zergling x4  
  37  3:56  Zergling x8  
  41  4:03  Drone  
  41  4:04  Zergling x2  
  41  4:05  Zergling x2  
  44  4:10  Zergling x2  
  44  4:11  Zergling x2  
  44  4:12  Drone  
  47  4:19  Overlord  
  47  4:23  Drone  
  48  4:24  Zergling x2  
  47  4:32  Spine Crawler  
  40  4:53  Zergling x4  
  40  4:54  Drone x2, Zergling x4  
  40  4:55  Zergling x4  
  40  4:59  Drone  
  41  5:28  Zergling x6  
  41  5:29  Drone x4  
  41  5:30  Drone x2  
  49  5:40  Baneling Nest  
  47  5:43  Zergling x2  
  47  5:46  Spore Crawler  
  39  5:58  Spore Crawler  
  39  6:02  Spore Crawler  
  39  6:03  Spore Crawler  
  35  6:05  Spore Crawler  
  35  6:07  Drone x2  
  35  6:09  Lair  
  35  6:10  Extractor  
  35  6:14  Drone  
  35  6:15  Drone  
  35  6:16  Drone  
  38  6:28  Spore Crawler  
  37  6:37  Drone x2  
  37  6:38  Zergling x2  
  37  6:39  Zergling x2, Overlord  
  41  6:40  Zergling x2  
  42  6:47  Overlord  
  42  6:50  Baneling x2  
  42  6:51  Baneling x2  
  42  6:53  Baneling  
  42  6:57  Drone  
  43  7:04  Queen  
  45  7:14  Centrifical Hooks  
  45  7:22  Drone  
  46  7:25  Drone  
  46  7:27  Drone  
  48  7:31  Drone  
  48  7:32  Drone  
  50  7:39  Queen  
  50  7:43  Baneling x6  
  50  7:44  Baneling x5  
  52  7:46  Baneling  
  52  7:47  Baneling  
  52  7:48  Baneling  
  52  7:49  Baneling x2  
  52  7:51  Baneling  
  52  7:58  Zergling x4  
  52  7:59  Drone x2  
  52  8:00  Drone  
  41  8:44  Zergling x18  
  41  8:45  Zergling x4, Spire  
  41  8:47  Overlord x2  
  49  9:08  Drone x5  
  47  9:29  Drone x3  
  47  9:30  Drone  
  50  9:33  Zergling x6  
  53  9:39  Hatchery, Baneling x5  
  53  9:40  Baneling  
  53  9:41  Baneling  
  53  9:43  Baneling  
  53  9:44  Baneling x2  
  52  9:46  Baneling  
  52  9:54  Baneling x7  
  52  9:55  Baneling  
  45  10:28  Zergling x6  
  44  10:29  Zergling x6  
  45  10:38  Extractor  
  45  10:39  Extractor  
Show
View Real Time Build Order
Export as new Build Order

Massa Terran 

Build Orders: Gas First Reaper Expand 

Get SALT Encoding   

  12  0:00  SCV  
  13  0:12  SCV  
  14  0:22  Supply Depot  
  14  0:26  SCV  
  15  0:31  Refinery  
  15  0:43  SCV  
  16  0:55  SCV  
  17  0:57  Barracks  
  17  1:08  SCV  
  18  1:24  SCV  
  19  1:30  Command Center  
  19  1:45  Reaper  
  19  1:46  Orbital Command  
  20  2:12  Barracks  
  20  2:14  SCV  
  21  3:16  Orbital Command  
  21  3:18  SCV  
  21  3:19  Reaper  
  22  3:22  Factory  
  22  3:27  Barracks  
  22  3:28  Barracks  
  22  3:30  SCV  
  23  3:35  Factory  
  23  3:38  Refinery  
  23  3:42  SCV  
  24  3:54  SCV  
  25  3:57  Barracks Reactor  
  25  4:05  SCV  
  25  4:06  SCV  
  25  4:07  Factory Tech Lab  
  27  4:16  Barracks Tech Lab  
  27  4:17  Barracks Reactor, SCV  
  27  4:18  SCV  
  27  4:20  Refinery  
  27  4:22  Refinery  
  27  4:23  Command Center  
  29  4:29  SCV  
  29  4:30  SCV  
  31  4:33  Widow Mine  
  31  4:34  Marine x2  
  31  4:36  Marauder  
  31  4:37  Barracks Reactor  
  37  4:41  SCV  
  38  4:50  SCV, Supply Depot x2  
  38  4:51  Factory Tech Lab, Supply Depot  
  38  4:59  Marauder  
  37  5:06  Widow Mine  
  38  5:14  Supply Depot  
  38  5:20  Marauder  
  39  5:28  Widow Mine  
  41  5:29  SCV x2  
  43  5:36  Engineering Bay  
  43  5:41  SCV, Cyclone  
  47  5:49  Widow Mine  
  49  5:57  Marine x3  
  49  5:58  Marine x3  
  49  6:04  Stimpack  
  55  6:10  Cyclone  
  54  6:42  Marine  
  54  6:43  Marine x6  
  60  7:03  Command Center  
  60  7:08  Missile Turret  
  60  7:11  Supply Depot  
  60  7:27  Supply Depot  
  60  7:28  Supply Depot  
  60  7:29  Missile Turret  
  60  7:33  SCV  
  61  7:43  Combat Shield  
  61  7:45  SCV  
  61  7:49  Cyclone  
  65  7:57  SCV  
  66  8:03  Sensor Tower  
  66  8:04  Missile Turret  
  66  8:09  SCV  
  67  8:21  SCV  
  67  8:25  SCV  
  70  8:28  Orbital Command  
  70  8:33  SCV  
  64  8:37  SCV, Marine  
  64  8:38  Marine x4  
  70  8:46  SCV  
  71  8:59  Orbital Command, SCV  
  71  9:00  SCV  
  73  9:11  SCV  
  73  9:12  SCV  
  72  9:23  Marine x7  
  52  9:32  Widow Mine x2  
  52  9:38  Armory  
  56  9:41  Marine x5  
  56  9:42  SCV x3  
  56  9:43  Starport  
  64  9:52  Sensor Tower  
  64  9:53  Refinery, Widow Mine  
  64  9:54  Widow Mine, SCV x3  
  64  9:58  Refinery  
  64  9:59  Marine  
  73  10:00  Marauder, Marine x5  
  79  10:14  Cyclone, Missile Turret  
  79  10:15  Cyclone  
  79  10:17  Marine  
  79  10:18  Marine x3  
  91  10:21  Marauder  
Tags
 
Add a new tag
Caveats
  • Supply blocks, unpowered buildings, or Contaminate may cause inaccurate times.
  • Supply counts are checked every 10 seconds.